Map: Dreamcatcher LE

Players

Kelazhur - Winner!

  • Race: Terran Terran
  • League: Master
  • Spawn Location: 11:00

Reynor

  • Race: Zerg Zerg
  • League: Master
  • Spawn Location: 5:00

Event: HomeStory Cup XVIII

VOD

Have the link to the VOD?

Description

Time

  • Played on: Nov. 22, 2018, 2:20 p.m.
  • Length: 15:33

All games in this series

Show
View Real Time Build Order
Export as new Build Order

Kelazhur Terran - Winner!

Build Orders: Gas First Reaper Expand, Reaper Expand, Hellion Banshee 

Get SALT Encoding   

  12  0:00  SCV  
  13  0:12  SCV  
  14  0:17  Supply Depot  
  14  0:25  SCV  
  15  0:31  Refinery  
  15  0:38  SCV  
  16  0:44  Barracks  
  16  0:51  SCV  
  17  1:03  SCV  
  18  1:15  SCV  
  19  1:31  Reaper, Orbital Command  
  20  1:42  Command Center  
  20  1:53  Factory  
  20  1:58  SCV  
  21  2:08  Barracks Reactor  
  21  2:10  SCV  
  21  2:12  Supply Depot  
  22  2:20  Refinery  
  22  2:22  SCV  
  23  2:34  SCV  
  24  2:46  SCV  
  24  2:49  Starport  
  25  2:53  Hellion x2  
  25  2:54  Orbital Command  
  29  2:58  SCV  
  29  2:59  Barracks Tech Lab  
  30  3:14  Hellion x2, SCV  
  35  3:21  SCV  
  36  3:28  SCV  
  36  3:31  Cloaking Field  
  36  3:32  Viking  
  36  3:34  SCV  
  40  3:40  SCV  
  41  3:42  Supply Depot  
  41  3:46  SCV  
  42  3:50  Hellion x2  
  46  4:04  Banshee, SCV x2  
  46  4:08  Supply Depot  
  51  4:16  SCV x2  
  53  4:18  Command Center  
  53  4:27  Supply Depot, Barracks Tech Lab  
  53  4:28  SCV  
  54  4:31  SCV  
  54  4:37  Barracks x2  
  55  4:40  SCV  
  55  4:45  Factory Reactor  
  56  4:47  Banshee  
  56  4:49  Marine  
  56  4:50  Stimpack  
  56  4:52  SCV  
  61  4:57  SCV  
  62  5:01  Refinery  
  62  5:02  Refinery  
  62  5:04  SCV  
  62  5:05  Engineering Bay x2  
  63  5:10  Supply Depot  
  63  5:11  SCV  
  64  5:15  Marine  
  65  5:21  SCV  
  65  5:23  SCV  
  65  5:31  Orbital Command  
  65  5:33  SCV  
  66  5:36  SCV  
  66  5:37  Terran Infantry Weapons Level 1, Terran Infantry Armor Level 1  
  66  5:42  Marine x4  
  70  5:43  Starport Reactor  
  70  5:47  Marine  
  70  5:48  SCV x2  
  74  6:04  Marine x4  
  74  6:05  Siege Tank  
  74  6:06  Orbital Command  
  74  6:07  Barracks  
  74  6:10  SCV, Barracks  
  82  6:15  Marine  
  82  6:16  SCV  
  84  6:20  Medivac x2  
  84  6:22  Marine x2, SCV  
  84  6:25  Armory  
  91  6:26  Marine x2  
  93  6:37  Supply Depot  
  93  6:38  SCV x3  
  93  6:39  Supply Depot  
  96  6:40  Marine  
  96  6:42  Supply Depot, Siege Tank  
  96  6:43  Marine  
  101  6:53  Marine, Medivac  
  101  6:54  SCV  
  101  6:59  Medivac, SCV x2  
  105  7:04  Supply Depot  
  105  7:06  SCV  
  106  7:11  SCV x2  
  106  7:15  Marine  
  109  7:18  Marine  
  109  7:19  Barracks Reactor x2  
  109  7:22  SCV  
  111  7:23  SCV  
  111  7:25  Supply Depot  
  112  7:30  Siege Tank, Combat Shield  
  112  7:31  Marine x3  
  112  7:34  Terran Infantry Weapons Level 2  
  112  7:36  SCV x2  
  120  7:41  Marine  
  121  7:46  Marine  
  121  7:49  Marine x2  
  121  7:50  Marauder, Medivac  
  128  7:54  Supply Depot  
  128  7:56  Refinery  
  128  7:57  Marine x3  
  131  7:58  Marine  
  131  7:59  Marine  
  133  8:07  Supply Depot  
  133  8:12  Marine x4  
  135  8:17  Command Center  
  135  8:18  Medivac  
  137  8:20  Marine, Medivac  
  137  8:23  Marine x2  
  142  8:29  Supply Depot  
  142  8:30  Marauder  
  142  8:33  Marine x5  
  147  8:37  Marine  
  147  8:40  Marine  
  147  8:41  Marine  
  146  8:43  Siege Tank  
  148  8:48  Medivac  
  148  8:51  Marine  
  148  8:53  Marine  
  148  8:54  Marine  
  146  8:59  Marine  
  146  9:00  Marine x5  
  146  9:01  SCV x2  
  146  9:02  SCV  
  155  9:07  Engineering Bay  
  155  9:08  Marine  
  156  9:11  Marine  
  156  9:12  Marine, Medivac  
  156  9:15  Siege Tank  
  163  9:17  Marine x2  
  163  9:22  Supply Depot  
  163  9:23  Supply Depot  
  165  9:27  Sensor Tower  
  165  9:28  Marine x5, Medivac  
  165  9:29  Supply Depot, Marine  
  173  9:32  Marine  
  174  9:42  Marine x2  
  176  9:47  Supply Depot  
  176  9:49  Supply Depot, Terran Infantry Armor Level 2, Marine  
  176  9:50  Marine x5  
  176  9:51  Marauder  
  184  10:01  Barracks x2  
  184  10:02  Supply Depot, Marine, Barracks  
  184  10:06  Marine  
  186  10:07  Marine  
  186  10:09  Medivac  
  186  10:13  Marauder  
  191  10:17  Planetary Fortress  
  191  10:18  Marine  
  190  10:22  Marine  
  190  10:26  Terran Infantry Weapons Level 3  
  191  10:32  Marine, Siege Tank  
  197  10:35  Marine  
  197  10:39  Marine x5  
  189  11:04  Marine, Siege Tank  
  189  11:05  Marine x3, Barracks Reactor, Marauder, Barracks Tech Lab  
  189  11:06  Barracks Tech Lab  
  198  11:11  Marine  
  193  11:20  Medivac x2  
  193  11:21  Marine  
  193  11:22  Marine  
  193  11:25  Marine  
  180  11:34  Marauder  
  180  11:36  Siege Tank  
  175  11:40  Marine, Marauder x2  
  175  11:43  Marine x2  
  182  11:47  Marine x7  
  182  11:48  Concussive Shells  
  182  11:49  Liberator  
  182  11:52  Command Center  
  189  11:56  Marauder  
  189  11:58  Marine  
  189  12:00  Marine  
  193  12:02  Marauder x2  
  200  12:11  Starport  
  200  12:14  Starport  
  200  12:19  Sensor Tower  
  200  12:20  Terran Infantry Armor Level 3  
  200  12:21  Terran Vehicle Weapons Level 1  
  200  12:24  Command Center  
  200  12:49  Marauder  
  200  12:52  Marine  
  198  13:01  Marine, Marauder  
  198  13:03  Hi-Sec Auto Tracking  
  200  13:08  Marine  
  200  13:09  Marine  
  200  13:11  Marauder  
  200  13:13  Liberator x2  
  200  13:14  Marine  
  200  13:17  Marine  
  146  13:26  Marine x6, Marauder  
  135  13:28  Siege Tank  
  135  13:29  Marine x2, Marauder  
  135  13:31  Marine x2  
  150  13:35  Marine  
  150  13:44  Marine x3  
  150  13:48  Marauder, Marine  
  155  13:50  Marauder, Marine  
  155  13:51  Marauder  
  161  13:56  Marine  
  161  13:59  Marine x2  
  161  14:00  Marine x2  
  161  14:01  Marine  
  161  14:02  Marine x2  
  167  14:07  Marine  
  167  14:09  Marauder  
  170  14:11  Marine, Marauder  
  170  14:12  Marauder, Siege Tank  
  170  14:14  Planetary Fortress  
  178  14:22  Marine  
  178  14:23  Marine  
  180  14:25  Marine  
  180  14:30  Marauder  
  180  14:31  Command Center  
  183  14:33  Marauder, Marine  
  183  14:34  Marauder, Marine  
  189  14:48  Viking x2  
  189  14:52  Marauder  
  195  14:54  Marauder  
  195  14:55  Marauder  
  195  14:57  Marine  
  197  15:01  Marine  
  197  15:02  Marine x2  
  192  15:12  Marine x5  
  192  15:14  Marine  
  187  15:15  Marine x2  
Show
View Real Time Build Order
Export as new Build Order

Reynor Zerg 

Build Orders: Hatch First 

Get SALT Encoding   

  12  0:01  Drone  
  13  0:12  Overlord  
  13  0:17  Drone  
  14  0:30  Drone  
  14  0:31  Drone  
  16  0:49  Hatchery  
  15  0:51  Drone  
  15  0:55  Drone  
  17  0:59  Drone  
  18  1:09  Extractor  
  17  1:15  Spawning Pool  
  17  1:17  Drone  
  17  1:21  Drone  
  18  1:28  Drone  
  19  1:38  Drone  
  20  1:52  Hatchery  
  19  2:01  Queen  
  19  2:03  Zergling x2  
  19  2:06  Zergling x2  
  23  2:14  Queen  
  25  2:20  Overlord  
  25  2:23  Drone  
  25  2:26  Drone  
  25  2:29  Drone  
  28  2:40  Drone x3  
  31  2:44  Metabolic Boost  
  31  2:47  Drone  
  31  2:49  Drone  
  33  2:56  Queen  
  35  3:01  Overlord  
  35  3:04  Drone  
  36  3:07  Drone  
  36  3:08  Drone  
  36  3:11  Drone  
  39  3:18  Drone x3  
  42  3:22  Queen  
  42  3:25  Zergling x2  
  42  3:26  Zergling x2  
  46  3:34  Baneling Nest  
  46  3:35  Drone  
  46  3:37  Spore Crawler  
  46  3:38  Extractor, Zergling x2  
  46  3:40  Zergling x2  
  46  3:46  Overlord  
  46  3:47  Drone  
  46  3:48  Drone  
  50  3:52  Overlord  
  50  4:02  Zergling x2  
  50  4:04  Overlord  
  50  4:05  Drone x4  
  50  4:06  Zergling x6  
  50  4:07  Drone  
  57  4:10  Zergling x2  
  57  4:13  Overlord  
  57  4:14  Drone x2  
  60  4:18  Baneling x4  
  60  4:20  Zergling x4  
  60  4:22  Drone  
  60  4:24  Zergling x2  
  64  4:25  Drone  
  64  4:29  Drone  
  64  4:30  Extractor  
  63  4:33  Queen  
  63  4:35  Zergling x2  
  63  4:36  Zergling x2  
  63  4:38  Overlord  
  67  4:39  Drone  
  67  4:40  Drone  
  67  4:41  Drone  
  70  4:46  Lair  
  70  4:52  Drone x3  
  73  4:55  Drone  
  73  4:57  Spore Crawler  
  73  4:58  Spore Crawler  
  72  5:04  Overlord  
  72  5:06  Drone x5  
  77  5:12  Zergling x2  
  77  5:13  Overlord  
  78  5:14  Zergling x2  
  78  5:15  Zergling x2  
  78  5:16  Overlord  
  78  5:17  Drone x2  
  80  5:22  Zergling x2  
  80  5:24  Overlord  
  80  5:28  Drone x2  
  80  5:29  Drone x3  
  80  5:35  Drone  
  80  5:39  Drone  
  80  5:40  Drone  
  79  5:43  Spore Crawler  
  79  5:45  Overlord  
  79  5:46  Overseer  
  79  5:48  Drone x4  
  81  5:51  Drone x2  
  81  5:55  Spore Crawler  
  81  5:56  Drone x2  
  83  5:57  Drone x4  
  85  6:05  Queen  
  85  6:10  Centrifical Hooks  
  86  6:11  Evolution Chamber  
  86  6:12  Zergling x6  
  86  6:13  Evolution Chamber  
  87  6:19  Extractor  
  87  6:20  Extractor  
  87  6:22  Drone  
  87  6:25  Drone x3  
  89  6:27  Zergling x2  
  89  6:28  Extractor, Zergling x4  
  89  6:30  Zergling x2  
  89  6:32  Hatchery  
  91  6:37  Drone  
  91  6:38  Zerg Ground Armor Level 1, Zerg Melee Weapons Level 1  
  91  6:39  Zergling x4  
  94  6:41  Drone  
  94  6:43  Zergling x4  
  97  6:49  Overlord  
  97  6:51  Zergling x4  
  96  6:55  Zergling x2  
  96  6:56  Zergling x4  
  96  6:59  Zergling x2  
  97  7:03  Zergling x4  
  94  7:10  Drone x3  
  94  7:13  Queen, Zergling x4  
  99  7:21  Drone  
  99  7:22  Drone x2  
  97  7:24  Zergling x6  
  97  7:25  Baneling x3  
  97  7:26  Baneling x3  
  97  7:28  Hydralisk Den  
  97  7:33  Zergling x4  
  97  7:35  Zergling x2  
  97  7:38  Drone  
  97  7:39  Drone x2  
  97  7:43  Zergling x8  
  104  7:46  Zergling x6  
  107  7:52  Queen, Drone x3  
  107  7:54  Drone  
  107  7:57  Zergling x6  
  116  8:00  Muscular Augments  
  116  8:07  Hydralisk x4  
  116  8:10  Hydralisk x3  
  126  8:16  Drone x3  
  126  8:17  Drone  
  126  8:18  Extractor, Hydralisk x2  
  129  8:27  Hydralisk x2  
  129  8:28  Zergling x6  
  129  8:30  Zergling x2  
  129  8:33  Overlord  
  136  8:39  Zergling x2  
  136  8:41  Overlord x2  
  135  8:42  Overlord  
  135  8:46  Overlord  
  135  8:48  Zergling x10  
  133  8:49  Hydralisk, Zergling x2  
  133  8:50  Zergling x6  
  133  8:53  Zergling x2  
  122  8:56  Zerg Melee Weapons Level 2, Zergling x2, Zerg Ground Armor Level 2  
  122  9:00  Drone x2  
  125  9:06  Zergling x2  
  125  9:07  Zergling x2  
  125  9:08  Overseer  
  126  9:11  Zergling x4  
  126  9:14  Grooved Spines  
  126  9:16  Drone  
  129  9:17  Drone  
  129  9:22  Zergling x2  
  129  9:23  Zergling x2  
  132  9:26  Zergling x2  
  132  9:28  Zergling x8  
  132  9:30  Zergling x4  
  132  9:31  Drone x3  
  141  9:33  Overlord, Hatchery  
  141  9:35  Zergling x2  
  142  9:39  Drone  
  142  9:41  Infestation Pit  
  142  9:49  Hydralisk x4  
  149  9:54  Zergling x8  
  149  9:55  Drone  
  148  10:03  Zergling x20  
  158  10:11  Zergling x2  
  158  10:12  Zergling x6  
  162  10:19  Baneling  
  162  10:20  Zergling x2, Baneling x7  
  162  10:21  Zergling x2  
  163  10:22  Zergling x4  
  163  10:24  Hive  
  163  10:25  Spire, Overlord  
  163  10:27  Zergling x4  
  166  10:29  Baneling x10  
  166  10:30  Zergling x2  
  166  10:32  Zergling x4  
  166  10:33  Baneling x2  
  166  10:34  Baneling x3  
  169  10:36  Zergling x2  
  169  10:39  Zergling x6  
  168  10:43  Zergling x10  
  168  10:48  Drone x2  
  168  10:49  Queen, Drone  
  178  10:54  Extractor  
  178  10:56  Zergling x10  
  178  10:57  Zergling x6  
  175  11:05  Zergling x4  
  175  11:08  Baneling x2  
  175  11:09  Baneling x7  
  175  11:10  Overlord  
  176  11:11  Zergling x6  
  176  11:12  Zergling x12  
  175  11:19  Zergling x4  
  175  11:22  Zergling x4  
  175  11:23  Zergling x4  
  175  11:24  Baneling x6  
  175  11:25  Zergling x2, Baneling x5  
  165  11:30  Zergling x4  
  162  11:33  Zergling x2  
  162  11:34  Hydralisk  
  162  11:36  Zergling x2  
  162  11:38  Zergling x10  
  162  11:39  Zergling x2  
  163  11:41  Greater Spire  
  163  11:47  Hydralisk, Zergling x4  
  163  11:50  Extractor  
  163  11:52  Extractor, Zergling x4  
  167  11:55  Hatchery  
  166  12:05  Adrenal Glands  
  166  12:13  Zergling x22  
  166  12:14  Zergling x6  
  180  12:16  Overlord  
  180  12:17  Hydralisk  
  182  12:24  Overlord  
  182  12:27  Baneling x14  
  182  12:28  Baneling x3  
  182  12:30  Zergling x4  
  182  12:31  Overlord  
  182  12:34  Baneling x2  
  184  12:37  Zergling x12  
  184  12:38  Zergling x4  
  190  12:48  Zergling x8  
  190  12:49  Zergling x4  
  188  12:55  Zergling x4  
  177  12:59  Baneling x9  
  177  13:00  Zergling x4  
  177  13:04  Zergling x4  
  168  13:06  Queen  
  168  13:09  Zergling x2  
  154  13:14  Hydralisk x2  
  110  13:22  Viper  
  110  13:25  Viper, Zerg Flyer Weapons Level 1  
  110  13:26  Viper  
  114  13:31  Zergling x2  
  115  13:36  Hydralisk x2  
  112  13:41  Drone  
  112  13:46  Zergling x2  
  112  13:48  Zergling x6  
  115  13:57  Hatchery  
  115  14:02  Corruptor x6  
  125  14:32  Brood Lord x4  
  125  14:38  Brood Lord  
  135  14:41  Zergling x6  
  135  14:42  Zergling x2  
  121  15:06  Hydralisk x2, Zergling x4  
  121  15:07  Zergling x4  
  91  15:16  Zergling x2  
Tags
 
Add a new tag
Caveats
  • Supply blocks, unpowered buildings, or Contaminate may cause inaccurate times.
  • Supply counts are checked every 10 seconds.